Map: 16-Bit LE

Players

VectorCorpse

  • Race: Terran Terran
  • Spawn Location: 1:00

QueenOfHell - Winner!

  • Race: Terran Terran
  • Spawn Location: 7:00

QueenOfHell

  • Race: Zerg Zerg

VOD

Have the link to the VOD?

Description

Time

  • Played on: March 29, 2024, 7:07 p.m.
  • Length: 45:11
Show
View Real Time Build Order
Export as new Build Order

VectorCorpse Terran 

Build Orders: Command Center First 

Get SALT Encoding   

  12  0:03  SCV  
  13  0:15  SCV  
  14  0:28  SCV  
  15  0:46  Refinery  
  15  0:58  Refinery  
  15  1:27  Supply Depot  
  15  1:32  Command Center  
  15  1:48  SCV  
  15  1:53  Barracks  
  16  2:00  SCV  
  17  2:12  SCV  
  18  2:25  SCV  
  19  2:33  Barracks  
  19  2:37  SCV  
  20  2:42  Engineering Bay  
  20  2:50  Marine  
  21  2:53  SCV  
  21  2:54  Refinery  
  22  3:05  SCV  
  22  3:08  Marine  
  22  3:09  Orbital Command  
  24  3:17  SCV  
  25  3:22  Terran Infantry Weapons Level 1  
  25  3:26  Marine  
  26  3:30  SCV  
  27  3:34  Marine  
  27  3:39  SCV  
  29  3:44  Marine  
  29  3:47  SCV  
  31  3:59  SCV  
  31  4:02  Marine  
  33  4:07  Refinery  
  33  4:11  SCV  
  34  4:20  Marine  
  34  4:21  Factory  
  35  4:37  SCV  
  35  4:38  Reaper x2  
  38  4:39  Supply Depot  
  38  5:01  SCV x2  
  38  5:05  Supply Depot  
  40  5:10  Reaper x2  
  40  5:13  SCV x2  
  44  5:22  Missile Turret  
  44  5:23  Factory  
  44  5:25  SCV  
  45  5:37  SCV  
  45  5:42  Reaper  
  47  5:47  Starport  
  47  5:49  SCV  
  48  5:54  Missile Turret  
  48  5:55  Factory Tech Lab  
  49  6:07  Planetary Fortress  
  45  6:11  Starport  
  45  6:14  Armory  
  41  6:26  Siege Tank  
  44  6:36  SCV  
  45  6:48  SCV  
  46  6:58  Siege Tank  
  46  7:00  Starport Tech Lab, SCV  
  50  7:06  Command Center  
  50  7:12  SCV  
  51  7:15  Starport Tech Lab  
  51  7:16  Refinery  
  51  7:31  Refinery  
  51  7:40  Missile Turret  
  51  7:52  Supply Depot  
  51  7:53  Missile Turret  
  51  8:07  Marine  
  51  8:09  Fusion Core  
  52  8:17  SCV  
  53  8:25  Marine  
  54  8:29  SCV  
  54  8:31  Missile Turret  
  55  8:41  SCV  
  55  8:42  Marine  
  57  8:50  SCV  
  57  8:53  SCV  
  59  9:00  Marine  
  61  9:02  SCV  
  61  9:06  SCV  
  62  9:14  SCV  
  63  9:18  Marine, SCV  
  65  9:24  Supply Depot  
  65  9:27  SCV  
  65  9:30  SCV  
  67  9:35  Orbital Command  
  67  9:39  SCV  
  67  9:42  Infernal Pre-Igniter  
  68  10:02  Thor  
  68  10:04  Terran Vehicle And Ship Armor Level 1  
  74  10:09  Battlecruiser  
  80  10:34  Battlecruiser  
  85  10:36  Supply Depot  
  85  10:37  Supply Depot  
  83  10:58  Siege Tank  
  83  11:01  Factory Reactor, Hurricane Engines  
  86  11:09  Supply Depot  
  86  11:13  Medivac  
  88  11:21  Barracks Tech Lab  
  88  11:22  Weapon Refit  
  88  11:24  Interference Matrix  
  88  11:30  Siege Tank  
  91  11:43  Battlecruiser  
  97  11:59  Terran Ship Weapons Level 1  
  97  12:00  Supply Depot  
  97  12:01  Battlecruiser  
  103  12:07  Hyperflight Rotors  
  103  12:11  Terran Infantry Weapons Level 2  
  103  12:26  SCV  
  104  12:30  Cloaking Field  
  104  12:38  SCV x2  
  104  12:41  Smart Servos  
  106  12:47  Battlecruiser  
  106  12:50  SCV, Supply Depot  
  106  12:51  SCV  
  114  13:03  SCV x2  
  116  13:11  Battlecruiser  
  122  13:13  Refinery  
  122  13:15  SCV x2  
  122  13:17  Supply Depot  
  122  13:19  Caduceus Reactor  
  124  13:37  Command Center  
  124  13:53  Terran Vehicle Weapons Level 1  
  124  13:57  Supply Depot  
  124  13:59  Drilling Claws, Supply Depot  
  122  14:16  Advanced Ballistics, SCV  
  123  14:27  Hi-Sec Auto Tracking  
  123  14:28  SCV  
  124  14:39  Marine  
  124  14:40  SCV  
  126  14:47  Siege Tank  
  126  14:52  SCV  
  130  14:57  Reaper  
  131  15:04  SCV  
  131  15:05  Battlecruiser  
  131  15:06  Hellion  
  146  15:19  Siege Tank  
  149  15:24  Terran Infantry Armor Level 1  
  149  15:25  Battlecruiser  
  149  15:29  Reaper  
  150  15:46  Terran Vehicle And Ship Armor Level 2  
  150  15:51  Siege Tank, Ghost Academy  
  153  16:01  Reaper, Planetary Fortress  
  154  16:06  Missile Turret  
  154  16:09  Battlecruiser  
  160  16:17  Missile Turret  
  160  16:23  Siege Tank  
  160  16:25  Missile Turret  
  163  16:33  Reaper  
  164  16:42  Supply Depot  
  164  16:44  Supply Depot  
  164  17:01  Supply Depot  
  164  17:03  Nuke  
  164  17:04  Battlecruiser  
  164  17:05  Siege Tank  
  164  17:08  Ghost Academy  
  173  17:14  Battlecruiser  
  179  17:18  Neosteel Armor  
  175  17:30  Barracks Tech Lab  
  175  17:46  Personal Cloaking  
  175  17:56  Ghost  
  177  18:00  Nuke  
  177  18:02  Terran Ship Weapons Level 2  
  177  18:17  Supply Depot  
  177  18:22  Supply Depot  
  177  18:24  Ghost, Supply Depot  
  179  18:39  SCV  
  180  18:51  SCV  
  180  18:53  Ghost  
  183  18:58  Terran Infantry Weapons Level 3  
  183  19:03  SCV  
  184  19:15  SCV  
  185  19:22  Ghost  
  187  19:27  SCV  
  188  19:42  Missile Turret  
  188  20:03  Marine  
  189  20:16  Missile Turret  
  189  20:18  Terran Vehicle Weapons Level 2  
  189  20:21  Marine  
  190  20:39  Marine  
  190  20:42  Command Center  
  191  20:53  Battlecruiser  
  191  20:54  SCV  
  191  20:56  Marine  
  193  21:05  Refinery  
  193  21:06  SCV  
  194  21:14  Marine  
  195  21:19  SCV  
  196  21:31  SCV  
  197  21:43  SCV  
  198  21:48  Refinery  
  198  22:00  SCV  
  199  22:12  SCV  
  200  22:30  Command Center  
  200  22:32  Orbital Command  
  200  22:34  Terran Vehicle And Ship Armor Level 3  
  200  22:59  Supply Depot  
  200  23:07  Refinery  
  200  23:19  Command Center  
  200  23:29  Concussive Shells, Refinery  
  200  23:32  Terran Infantry Armor Level 2  
  200  23:38  Supply Depot  
  200  23:55  Refinery  
  200  24:12  Stimpack  
  200  24:15  Orbital Command  
  200  24:26  Missile Turret  
  200  24:49  Barracks, Missile Turret  
  200  24:54  Missile Turret  
  200  25:11  Terran Ship Weapons Level 3  
  200  25:47  Hellion  
  200  25:52  Combat Shield  
  200  25:53  Refinery  
  200  26:06  Supply Depot  
  200  26:07  Supply Depot  
  200  26:29  Supply Depot  
  200  26:51  Barracks Tech Lab  
  200  27:01  Orbital Command  
  200  27:39  Bunker  
  200  27:48  Terran Vehicle Weapons Level 3  
  198  28:16  Starport  
  198  28:27  Refinery  
  198  28:47  Command Center  
  198  28:59  Marauder  
  200  29:08  Ghost Academy  
  200  29:12  Nuke  
  200  29:13  Nuke  
  200  29:50  Ghost Academy  
  200  29:51  Nuke  
  200  30:00  Barracks  
  200  30:20  Nuke  
  200  30:49  Barracks  
  200  31:00  Refinery  
  196  31:32  Supply Depot  
  196  31:33  Nuke  
  196  31:34  Nuke  
  196  31:36  Supply Depot  
  196  31:39  Supply Depot  
  196  31:53  Marauder  
  198  31:55  Barracks  
  198  32:08  SCV  
  199  32:20  SCV  
  200  32:28  Refinery  
  200  32:47  Barracks Tech Lab  
  200  33:24  Nuke x3  
  200  33:25  Nuke  
  200  34:52  Refinery  
  200  35:01  Orbital Command  
  200  35:03  Refinery  
  187  36:56  Orbital Command  
  187  39:42  Nuke x3  
  181  42:14  Nuke x3  
  181  42:15  Nuke  
Show
View Real Time Build Order
Export as new Build Order

QueenOfHell Terran - Winner!

Build Orders:  

Get SALT Encoding   

  12  0:00  Drone  
  13  0:12  Overlord  
  13  0:17  Drone  
  14  0:30  Drone  
  14  0:35  Drone  
  16  0:45  Spawning Pool  
  16  0:46  Extractor  
  16  0:48  Drone  
  15  0:52  Drone  
  16  0:59  Overlord  
  16  1:32  Zergling x2, Queen  
  19  1:35  Roach Warren  
  19  1:36  Extractor  
  19  1:38  Drone  
  18  1:43  Drone  
  18  1:45  Zergling x2  
  20  2:07  Overlord  
  20  2:15  Roach  
  22  2:21  Drone  
  23  2:27  Drone  
  25  2:37  Drone  
  25  2:38  Roach  
  25  2:41  Drone  
  28  2:45  Drone  
  28  2:50  Drone  
  30  2:59  Overlord  
  30  3:10  Roach  
  32  5:17  Roach, Lair, Overlord, Drone  
  35  5:21  Drone  
  35  5:25  Drone  
  37  5:30  Drone  
  38  6:07  Zergling x2  
  35  6:14  Overseer  
  35  6:15  Overseer  
  35  6:16  Hydralisk Den  
  36  6:25  Roach  
  36  6:44  Hatchery, Drone  
  36  6:45  Roach  
  34  7:03  Roach  
  36  7:20  Hydralisk  
  38  7:38  Hydralisk  
  40  7:56  Drone  
  41  8:01  Drone  
  41  8:04  Extractor  
  41  8:05  Extractor, Drone  
  42  8:09  Drone  
  42  8:13  Drone  
  42  8:18  Drone  
  44  8:22  Drone  
  44  8:26  Drone  
  46  8:31  Drone  
  47  8:35  Drone  
  47  8:39  Drone  
  49  8:44  Drone  
  49  8:48  Drone  
  51  8:52  Drone  
  52  8:57  Drone  
  52  8:58  Overlord  
  52  9:01  Drone  
  54  9:05  Drone  
  54  9:09  Drone  
  56  9:14  Drone  
  57  9:18  Drone  
  57  9:22  Drone  
  59  9:27  Drone  
  59  9:28  Overlord  
  59  9:31  Drone  
  61  9:51  Pneumatized Carapace  
  61  9:52  Overseer  
  61  9:54  Infestation Pit, Drone  
  61  9:56  Evolution Chamber  
  61  9:59  Drone  
  61  10:24  Zerg Melee Weapons Level 1  
  61  10:31  Zergling x2  
  55  10:41  Hydralisk  
  51  10:53  Roach  
  53  11:03  Roach  
  55  11:14  Roach  
  57  11:24  Hydralisk  
  59  11:35  Roach  
  61  11:46  Infestor  
  63  12:19  Zerg Ground Armor Level 1  
  63  12:53  Hatchery  
  62  13:33  Roach, Overlord  
  64  13:34  Spire  
  64  13:39  Roach  
  65  13:44  Roach  
  67  13:50  Roach  
  69  13:55  Hydralisk  
  69  14:01  Hydralisk  
  73  14:06  Drone  
  73  14:08  Zergling x2  
  66  14:11  Drone  
  66  14:13  Zerg Missile Weapons Level 1, Hydralisk  
  66  14:15  Extractor, Drone  
  63  14:18  Extractor  
  63  14:19  Hydralisk, Drone  
  63  14:23  Drone  
  66  14:26  Roach  
  66  14:28  Drone  
  69  14:31  Roach  
  69  14:32  Drone  
  69  14:36  Drone  
  69  14:37  Roach  
  75  14:43  Roach  
  77  14:49  Zerg Flyer Weapons Level 1  
  77  16:06  Zerg Melee Weapons Level 2  
  77  16:15  Overseer  
  77  16:16  Overlord x2  
  77  16:43  Zerg Flyer Armor Level 1  
  77  16:57  Hive, Overlord  
  77  17:16  Overlord  
  77  17:20  Zergling x2  
  77  17:31  Overseer  
  77  17:35  Overseer  
  77  17:36  Overlord  
  69  17:38  Hydralisk  
  57  17:51  Hydralisk  
  57  18:13  Ultralisk Cavern  
  56  18:22  Zerg Ground Armor Level 2  
  56  19:02  Ultralisk  
  62  19:15  Ultralisk  
  68  19:19  Hatchery  
  67  19:27  Ultralisk  
  73  20:32  Drone  
  73  20:33  Roach, Overlord  
  76  20:37  Drone  
  76  20:38  Zerg Missile Weapons Level 2  
  76  20:39  Roach  
  79  20:46  Roach, Extractor  
  79  20:48  Extractor, Drone  
  80  20:52  Infestor, Drone  
  82  20:59  Roach  
  74  21:06  Roach  
  64  21:12  Roach  
  64  21:18  Infestor, Overseer  
  66  21:25  Hydralisk  
  70  21:31  Hydralisk  
  72  21:38  Zergling x2  
  73  21:44  Hydralisk  
  75  21:51  Hydralisk  
  77  24:18  Zergling x2  
  67  24:25  Roach  
  55  24:33  Roach  
  57  24:40  Roach  
  59  24:48  Roach  
  61  24:54  Hydralisk  
  63  25:01  Hydralisk  
  65  25:08  Infestor  
  67  25:16  Roach  
  69  25:23  Hydralisk  
  71  25:31  Roach  
  73  25:37  Infestor  
  75  25:44  Hydralisk  
  77  25:50  Hatchery  
  76  27:02  Drone  
  77  27:13  Extractor, Drone  
  77  27:21  Extractor  
  77  27:22  Drone  
  77  27:42  Zergling x2  
  78  27:44  Overlord  
  78  27:45  Zergling x2  
  78  27:48  Mutalisk  
  81  27:52  Mutalisk  
  81  27:56  Zergling x2  
  84  28:00  Zergling x2  
  84  28:03  Mutalisk  
  84  28:04  Overlord  
  74  28:06  Mutalisk  
  74  28:10  Zergling x2, Overseer  
  67  28:14  Zergling x2  
  67  28:18  Zergling x2  
  69  28:21  Zergling x2  
  69  28:25  Zergling x2  
  71  28:28  Zergling x2  
  71  28:31  Mutalisk  
  74  28:35  Mutalisk  
  74  28:39  Mutalisk, Drone  
  60  28:42  Overseer  
  60  28:43  Drone, Mutalisk  
  60  28:47  Drone  
  62  28:52  Drone  
  54  28:56  Drone  
  54  29:00  Drone  
  56  29:05  Drone  
  56  29:09  Drone  
  58  29:13  Drone  
  59  29:18  Drone  
  59  29:22  Drone  
  61  29:27  Drone  
  62  29:31  Drone  
  62  29:35  Drone  
  64  29:40  Drone  
  64  29:44  Drone  
  66  29:49  Drone  
  67  29:53  Drone  
  67  29:57  Drone  
  69  30:02  Drone  
  69  30:06  Drone  
  71  30:10  Drone  
  72  30:15  Drone  
  72  30:19  Drone  
  74  31:07  Overseer  
  74  31:08  Overlord  
  74  31:32  Overlord, Ultralisk  
  80  31:46  Hydralisk  
  58  32:00  Overseer  
  56  32:02  Ultralisk  
  62  32:17  Ultralisk  
  68  32:31  Hydralisk  
  70  32:47  Zergling x2  
  71  32:57  Overlord  
  70  33:22  Hatchery  
  69  34:34  Drone  
  70  34:38  Drone  
  70  34:43  Drone  
  72  34:47  Extractor, Drone  
  72  34:51  Drone  
  72  34:52  Extractor  
  72  34:56  Drone  
  73  35:00  Drone  
  73  35:05  Drone  
  75  35:22  Roach, Overlord  
  77  35:29  Overseer  
  77  35:30  Roach  
  79  35:37  Roach  
  79  35:41  Overlord  
  81  35:44  Roach  
  83  35:51  Roach, Drone  
  85  35:58  Ravager, Hydralisk  
  85  36:01  Overlord  
  88  36:05  Hydralisk  
  88  36:08  Overseer  
  76  36:13  Roach  
  77  36:20  Hydralisk  
  71  36:26  Overseer  
  71  36:28  Zergling x2  
  72  36:34  Hydralisk  
  74  36:42  Ravager, Overlord  
  74  36:43  Roach  
  76  37:24  Overseer  
  76  37:48  Overlord, Hydralisk  
  77  38:00  Extractor  
  77  38:02  Zergling x2  
  77  38:04  Hatchery  
  77  38:05  Overseer  
  76  38:07  Overlord  
  76  38:09  Hatchery  
  74  38:14  Hatchery  
  74  38:16  Hydralisk  
  74  38:17  Extractor  
  74  38:26  Overlord  
  74  38:31  Roach  
  73  38:45  Mutalisk, Drone  
  75  38:55  Mutalisk  
  73  38:58  Overlord  
  73  38:59  Zergling x2  
  76  39:03  Zergling x2  
  76  39:06  Zergling x2  
  76  39:09  Mutalisk  
  78  39:11  Overseer  
  78  39:13  Mutalisk  
  81  39:17  Zergling x2, Overlord  
  81  39:23  Overlord  
  77  39:28  Overlord  
  69  39:36  Zergling x2  
  60  39:40  Zergling x2  
  60  39:43  Mutalisk  
  60  39:45  Hatchery  
  61  39:46  Mutalisk  
  61  39:48  Overseer  
  61  39:50  Mutalisk  
  55  39:54  Zergling x2  
  55  39:58  Zergling x2  
  46  40:01  Zergling x2  
  46  40:03  Overseer  
  46  40:04  Overlord  
  46  40:05  Zergling x2  
  46  40:08  Zergling x2  
  46  40:09  Extractor  
  46  40:12  Zergling x2  
  41  40:15  Queen  
  38  40:21  Mutalisk  
  38  40:23  Overlord  
  38  40:25  Zergling x2  
  40  40:29  Zergling x2  
  40  40:32  Mutalisk  
  40  40:35  Overlord  
  42  40:36  Extractor  
  42  40:41  Mutalisk  
  42  40:53  Spawning Pool  
  40  41:07  Drone  
  40  41:10  Extractor  
  14  41:21  Drone  
  7  41:31  Spawning Pool  
  5  41:57  Drone  
  5  42:19  Zergling x2  
  5  42:20  Queen  
  5  42:21  Drone  
  5  42:22  Zergling x2  
  10  42:29  Drone  
  11  42:34  Spawning Pool  
  9  42:40  Drone  
  10  43:01  Drone  
  11  43:12  Drone  
  12  43:23  Zergling x2, Drone  
  14  43:27  Overlord, Drone  
  14  43:32  Drone  
  15  43:36  Drone  
  15  43:46  Drone  
  15  43:57  Drone  
  15  44:00  Zergling x2  
  15  44:01  Drone  
  5  44:05  Drone  
  2  44:20  Hatchery  
Show
View Real Time Build Order
Export as new Build Order

QueenOfHell Zerg 

Build Orders:  

Get SALT Encoding   

Tags
 
Add a new tag
Caveats
  • Supply blocks, unpowered buildings, or Contaminate may cause inaccurate times.
  • Supply counts are checked every 10 seconds.